 Dungeon Crawl Stone Soup version 0.19-a0-1568-gdd01aac (webtiles) character file.

56 Alarkh the Slasher (level 3, 0/27 HPs)
             Began as a Mummy Skald on Sept 15, 2016.
             Slain by a worm (3 damage)
             ... on level 2 of the Dungeon.
             The game lasted 00:01:32 (1616 turns).

Alarkh the Slasher (Mummy Skald)                    Turns: 1616, Time: 00:01:33

Health: 0/27       AC:  3    Str: 15    XL:     3   Next: 71%
Magic:  1/6        EV: 11    Int: 12    God:
Gold:   67         SH:  0    Dex: 11    Spells: 1 memorised, 5 levels left

rFire  x . .     SeeInvis .     a - +0 falchion
rCold  + . .     Gourm    .     b - +0 leather armour
rNeg   + + +     Faith    .     (no shield)
rPois  ∞         Spirit   .     (no helmet)
rElec  .         Dismiss  .     (no cloak)
rCorr  .         Reflect  .     (no gloves)
MR     .....     Harm     .     (no boots)
Stlth  +.........               (no amulet)
                                (no ring)
                                (no ring)

@: infused (expiring), very slightly contaminated
A: no food or potions, fire vulnerability, cold resistance 1, negative energy
resistance 3, torment resistance, unbreathing
a: no special abilities


You were on level 2 of the Dungeon.
You were not hungry.

You visited 1 branch of the dungeon, and saw 2 of its levels.

You collected 67 gold pieces.

Inventory:

Hand Weapons
 a - a +0 falchion (weapon)
Missiles
 d - a throwing net (quivered)
Armour
 b - a +0 leather armour (worn)
Scrolls
 e - a scroll of teleportation
 f - a scroll of amnesia {unknown}
 g - a scroll of fear {unknown}
 h - a scroll of remove curse {unknown}
Books
 c - a book of Battle

   Spells                             Type                      Level
   a - Infusion                       Charms                       1
   b - Shroud of Golubria             Charms/Translocation         2
   c - Song of Slaying                Charms                       2
   d - Spectral Weapon                Hexes/Charms                 3
   e - Regeneration                   Charms/Necromancy            3


   Skills:
 - Level 2.0 Fighting
 + Level 3.3 Long Blades
 - Level 0.7 Armour
 - Level 0.7 Dodging
 - Level 2.0 Spellcasting
 - Level 2.4 Charms


You had 5 spell levels left.
You knew the following spells:

 Your Spells              Type           Power        Failure   Level  Hunger
a - Infusion              Chrm           #...         14%         1    N/A

Dungeon Overview and Level Annotations

Branches:
Dungeon (2/15)

Altars:


Innate Abilities, Weirdness & Mutations

You do not eat or drink.
Your flesh is vulnerable to fire.
You are immune to poison.
Your flesh is cold resistant. (rC+)
You are immune to negative energy. (rN+++)
You are immune to unholy pain and torment.
You can survive without breathing.


Message History

You hit the worm.
The worm is moderately wounded.
The worm barely misses you.
You hit the worm.
The worm is moderately wounded.
You hit the worm.
The worm is severely wounded.
The worm bites you!
You hit the worm.
The worm is almost dead.
The worm bites you.
You hit the worm.
The worm is almost dead.
The worm bites you.
* * * LOW HITPOINT WARNING * * *
You see here an adder corpse.
Your magical infusion is running out.
There is an escape hatch in the ceiling here.
The worm bites you.
You die...

### # #.. ... #. #.# #.#
#.###.######.#######
#......................
#.##.....................
........................
.###....w@............
#.##.##.###..#.#..##.# #
#.†.......#.#..##.#
#.##.####.#.#..##.##
.S............>........
#.##.##..###.#....##.## #
#.##..# #.#....##.#
......# #.#.....#.##
#.##..# #.#.........


You could see a worm.

Vanquished Creatures
  3 adders (D:2)
  A dart slug (D:2)
  2 bats
  2 giant cockroaches (D:1)
  7 goblins (D:1)
  5 hobgoblins (D:1)
  2 kobolds
  A quokka (D:2)
  A frilled lizard (D:1)
  A rat (D:1)
25 creatures vanquished.

Notes
Turn   | Place    | Note
-------+----------+-------------------------------------------
     0 | D:1      | Alarkh the Mummy Skald began the quest for the Orb.
     0 | D:1      | Reached XP level 1. HP: 16/16 MP: 3/3
   311 | D:1      | Reached skill level 2 in Long Blades
   514 | D:1      | Reached XP level 2. HP: 22/22 MP: 5/5
  1160 | D:2      | Reached skill level 3 in Long Blades
  1160 | D:2      | Reached XP level 3. HP: 3/27 MP: 0/6
  1616 | D:2      | Slain by a worm

Vault maps used:
D:1:      dpeg_arrival_radiant
D:2:      kennysheep_generic_room_11

Skill      XL: |  1  2 |
---------------+-------+-----
Long Blades    | 2 3 |  3.3
Fighting       | |  2.0
Armour         | |  0.7
Dodging        | |  0.7
Spellcasting   | |  2.0
Charms         | |  2.4

Action                   || total
-------------------------++-------
Melee: Falchion          ||   100
 Cast: Infusion          ||    15
  Use: Scroll            ||     1
Armor: Leather armour    ||    14
Dodge: Dodged            ||    47
